 Dungeon Crawl Stone Soup version 0.14-a0-2327-g5ff15cf (webtiles) character file.

194 Murumi the Slasher (level 5, -6/36 HPs)
             Began as a Formicid Fighter on Jan 29, 2014.
             Was an Initiate of Okawaru.
             Mangled by Menkaure (18 damage)
             ... on Level 4 of the Dungeon.
             The game lasted 00:14:51 (2634 turns).

Murumi the Slasher (Formicid Fighter)               Turns: 2634, Time: 00:14:51

HP  -6/36        AC 11     Str 21      XL: 5   Next: 82%
MP   5/5         EV  5     Int  8      God: Okawaru [......]
Gold 50          SH 18     Dex 10      Spells:  0 memorised,  4 levels left

rFire  . . .     SeeInvis +     q - +0 falchion (curse)
rCold  . . .     Clarity  .     o - +0 chain mail
rNeg   . . .     Conserve .     c - +0 shield
rPois  x         rCorr    .     (helmet unavailable)
rElec  .         rRot     .     t - +0 dwarf cloak
SustAb . .       Spirit   .     (no gloves)
rMut   .         Warding  .     (no boots)
Saprov . . .     Stasis   +     (no amulet)
MR     .....                    i - ring of wizardry
                                e - ring of flight

@: not resistant to hostile enchantments, extremely unstealthy
A: permanent stasis, dig shafts and tunnels, four strong arms, poison weakness,
antennae 3, exoskeleton 1
a: Dig, Shaft Self, Renounce Religion, Evoke Flight


You were on level 4 of the Dungeon.
You worshipped Okawaru.
Okawaru was noncommittal.
You were not hungry.

You visited 1 branch of the dungeon, and saw 4 of its levels.

You collected 128 gold pieces.
You spent 78 gold pieces at shops.

Inventory:

Hand weapons
 a - a +0,+0 falchion
 q - a cursed +0,+0 falchion (weapon)
Missiles
 m - 9 bolts
Armour
 c - a +0 shield (worn)
 l - a +2 buckler of fire resistance
 o - a +0 chain mail (worn)
 t - a +0 dwarven cloak (worn)
Magical devices
 k - a wand of magic darts (5)
Comestibles
 d - a bread ration
 h - an apple
 n - a choko
 p - a meat ration
Scrolls
 b - 2 scrolls of fear
Jewellery
 e - a ring of flight (left hand)
 i - a ring of wizardry (right hand)
Potions
 g - 5 potions of curing
 j - a potion of restore abilities
 r - a potion of lignification
 s - a potion of speed {unknown}


   Skills:
 - Level 3.0 Fighting
 - Level 5.0 Long Blades
 - Level 4.0 Armour
 + Level 3.0 Shields


You had 4 spell levels left.
You didn't know any spells.

Dungeon Overview and Level Annotations

Branches:
Dungeon (4/16)
 Temple: D:4-7

Altars:
Elyvilon
Makhleb
Okawaru
Trog

Shops:
D:4 *

Annotations:
D:4 Menkaure


Innate Abilities, Weirdness & Mutations

Your are under a permanent stasis effect.
You can dig through walls and to a lower floor.
Your four strong arms can wield any weapon, most with a shield.
You are susceptible to poison.
You have a pair of large antennae on your head (SInv).
Your body is surrounded by an exoskeleton. (AC +1)


Message History

You kill the kobold!
Okawaru accepts your kill.
Menkaure sighs a few words.
Menkaure calls on the powers of darkness!
Your body is wracked with pain!
* * * LOW HITPOINT WARNING * * *
Drink which item? (? for menu, Esc to quit)
You feel much better.
You hit Menkaure but do no damage. Menkaure hits you!
Ouch! That really hurt!
* * * LOW HITPOINT WARNING * * *
You block Menkaure's attack.
Drink which item? (? for menu, Esc to quit)
You feel better. Menkaure barely misses you.
You completely miss Menkaure. You block Menkaure's attack.
You hit Menkaure.
Menkaure is moderately damaged.
You block Menkaure's attack. Menkaure hits you!
Ouch! That really hurt!
You die...

#.# ## #.# ......
... #.#......# ##
#.#......# ###
.........# #..
#.#......# #..
#.#M.....# #..
#.#......# #..
#@#......# #..
#M#%.....#######..
#..#.#............
#.#.############..
#.### #.. [.# ###
.### .. ..


You could see Menkaure.

Vanquished Creatures
  A big fish (D:3)
  Terence (D:2)
  2 adders
  2 worms (D:2)
  An adder skeleton (D:4)
  2 oozes
  11 goblins
  7 hobgoblins
  10 bats
  6 giant cockroaches
  4 giant newts
  A gnoll skeleton (D:4)
  10 kobolds
  A quokka (D:2)
  14 rats
73 creatures vanquished.

Vanquished Creatures (others)
  An ooze (D:3)
1 creature vanquished.

Grand Total: 74 creatures vanquished

Notes
Turn   | Place    | Note
--------------------------------------------------------------
     0 | D:1      | Murumi, the Formicid Fighter, began the quest for the Orb.
     0 | D:1      | Reached XP level 1. HP: 16/16 MP: 1/1
   100 | D:1      | Reached skill level 4 in Armour
   102 | D:1      | Reached XP level 2. HP: 13/21 MP: 2/2
   336 | D:1      | Reached XP level 3. HP: 26/26 MP: 3/3
  1105 | D:2      | Found a burning altar of Makhleb.
  1105 | D:2      | Noticed an Executioner
  1114 | D:2      | Noticed a hellwing
  1114 | D:2      | Noticed a smoke demon
  1165 | D:2      | Reached XP level 4. HP: 17/31 MP: 4/4
  1191 | D:2      | Found a bloodstained altar of Trog.
  1328 | D:2      | Found an iron altar of Okawaru.
  1337 | D:2      | Became a worshipper of Warmaster Okawaru
  1442 | D:2      | Noticed Terence
  1469 | D:2      | Killed Terence
  1897 | D:3      | Found a white marble altar of Elyvilon.
  1916 | D:3      | Reached XP level 5. HP: 23/36 MP: 5/5
  2528 | D:4      | Found Eddisuam's Assorted Antiques.
  2537 | D:4      | Bought a lumpy brown potion for 24 gold pieces
  2537 | D:4      | Bought a scroll of identify for 54 gold pieces
  2562 | D:4      | Reached skill level 5 in Long Blades
  2613 | D:4      | Noticed Menkaure
  2634 | D:4      | Mangled by Menkaure

Action                   |  1- 3 |  4- 6 || total
-------------------------+-------+-------++-------
Melee: Falchion          |   141 |   166 ||   307
 Abil: Dig               |       |     2 ||     2
       Evoke Flight      |       |     1 ||     1
Evoke: Wand              |       |     1 ||     1
  Use: Scroll            |     6 |     3 ||     9
       Potion            |       |     2 ||     2
